 Dungeon Sprint DCSS version 0.30-a0-867-g305f33218d (webtiles) character file.

Game seed: 1445332718150695990

706 dialectric the Fighter (level 7, 0/51 HPs)
             Began as a Gargoyle Fighter on Mar 10, 2023.
             Slain by a neqoxec (7 damage)
             ... in the Dungeon (Sprint II: "The Violet Keep of Menkaure").
             The game lasted 00:01:01 (126 turns).

dialectric the Fighter (Gargoyle Fighter)            Turns: 126, Time: 00:01:02

Health: 0/51       AC: 13    Str: 18    XL:     7   Next: 67%
Magic:  7/7        EV: 11    Int: -1 (6) God:
Gold:   243        SH:  0    Dex: 11    Spells: 6/6 levels left

rFire   . . .      SeeInvis .    a - +0 long sword
rCold   . . .      Faith    .    (no shield)
rNeg    + . .      Spirit   .    b - +0 scale mail
rPois   ∞          Reflect  .    (no helmet)
rElec   +          Rampage  .    (no cloak)
rCorr   .          NoTele   +    (no gloves)
Will    .....                    (no boots) Stlth
                                 (no amulet)
HPRegen 0.28/turn                (no ring)
MPRegen 0.10/turn                (no ring)

@: on berserk cooldown, slowed, lost intelligence, unable to read, unable to
drink, very slow
A: sickness immunity, AC +4, negative energy resistance 1, electricity
resistance, torment resistance 1, petrification resistance, dopey 1, weak 1,
inability to drink after injury 1
a: no special abilities


You were in the Dungeon.
You visited 1 branch You collected 243 gold pieces.

Inventory:

Hand Weapons
 a - a +0 long sword (weapon)
Armour
 b - a +0 scale mail (worn)
 c - a +0 buckler
Scrolls
 j - a scroll of blinking
Potions
 g - a potion of haste
 h - 2 potions of magic


   Skills:
 + Level 9.6 Fighting
 * Level 8.7 Long Blades
 + Level 9.6 Armour
 - Level 4.2 Dodging
 - Level 5.5 Shields


You had 6 spell levels left.
You didn't know any spells.
Your spell library was empty.

Dungeon Overview and Level Annotations

Branches:
Dungeon (1/1)

Altars:


Innate Abilities, Weirdness & Mutations

You are immune to sickness and miasma.
Your stone body is resilient. (AC +4)
You are immune to poison.
You resist negative energy. (rN+)
You are resistant to electric shocks. (rElec)
You are resistant to unholy torment.
You are immune to petrification.
You are dopey. (Int -2)
You are weak. (Str -2)
You occasionally lose the ability to drink potions when taking damage.


Message History

You barely miss the neqoxec.
The neqoxec is severely wounded.
You slash the neqoxec!
You kill the neqoxec!
The neqoxec gestures at you.
Strange energies course through your body.
You feel stupid.
You have lost your intelligence.
You feel your intelligence returning.
Your Long Blades skill increases to level 8!
The neqoxec hits you but does no damage.
You are no longer berserk.
You feel yourself slow down. The neqoxec hits you! The neqoxec hits you.
You can move again.
You slash the neqoxec!
The neqoxec is moderately wounded.
The neqoxec gestures at you.
Strange energies course through your body.
You occasionally lose the ability to drink potions when taking damage.
The neqoxec barely misses you.
You hit the neqoxec.
The neqoxec is moderately wounded.
The neqoxec gestures at you.
You feel dopey. Something feeds on your intellect!
You miss the neqoxec.
The neqoxec is moderately wounded.
The neqoxec hits you but does no damage.
You hit the neqoxec.
The neqoxec is moderately wounded.
The neqoxec hits you!
You feel threatened and lose the ability to drink potions!
The neqoxec hits you!
* * * LOW HITPOINT WARNING * * *
Unknown command.
You slash the neqoxec!
The neqoxec is severely wounded.
The neqoxec hits you!
You die...

##~~~..†......#
.#~~~~.##'##..#
.#~~~~###.###
.#~~~~#..#..#
.#~~# ##.#.## #
.#~##. ##†## .##
.#~#...##.##..B#
.+ #†.<.+#
#...##@##B..#
##. #3# .## #
##. # #. ##


You could see a neqoxec.

Vanquished Creatures
  A neqoxec (D)
  A water moccasin (D)
  4 necrophages (D)
  4 scorpions (D)
10 creatures vanquished.

Vanquished Creatures (others)
  A water moccasin (D)
1 creature vanquished.

Grand Total: 11 creatures vanquished

Notes
Turn   | Place    | Note
-------+----------+-------------------------------------------
     0 | D        | dialectric the Gargoyle Fighter began the quest for the
                  | Orb.
     0 | D        | Reached XP level 1. HP: 14/14 MP: 1/1
     8 | D        | Noticed a necrophage
     8 | D        | Noticed a necrophage
     8 | D        | Noticed a necrophage
     8 | D        | Noticed a necrophage
    18 | D        | Killed a necrophage
    19 | D        | Reached skill level 5 in Fighting
    19 | D        | Reached skill level 5 in Armour
    19 | D        | Reached skill level 5 in Shields
    19 | D        | Reached XP level 2. HP: 16/21 MP: 2/2
    19 | D        | Reached XP level 3. HP: 20/26 MP: 3/3
    19 | D        | Reached XP level 4. HP: 23/31 MP: 4/4
    22 | D        | Killed a necrophage
    23 | D        | Reached XP level 5. HP: 27/37 MP: 5/5
    33 | D        | Reached skill level 5 in Long Blades
    33 | D        | Reached XP level 6. HP: 29/44 MP: 6/6
    59 | D        | Reached XP level 7. HP: 29/50 MP: 7/7
    97 | D        | Noticed a boulder beetle
    97 | D        | Noticed a boulder beetle
   100 | D        | Noticed a neqoxec
   100 | D        | Noticed a neqoxec
   115 | D        | Gained mutation: You are weak. (Str -2) [a neqoxec]
   117 | D        | Killed a neqoxec
   117 | D        | Lost intelligence.
   117 | D        | Gained mutation: You are dopey. (Int -2) [a neqoxec]
   122 | D        | Gained mutation: You occasionally lose the ability to drink
                  | potions when taking damage. [a neqoxec]
   126 | D        | Slain by a neqoxec

Illustrated notes

Levels and vault maps discovered:
D:        the_violet_keep_of_menkaure [sprint2_stairs_cluster_1,
          sprint2_shoproom, sprint2_temple, sprint2_basic_supplies,
          sprint2_obstacle_2, sprint2_obstacle_4, sprint2_obstacle_5,
          sprint2_obstacle_6, sprint2_obstacle_7, sprint2_timed_cluster_1,
          sprint2_smallroom_cluster_1, sprint2_smallroom_final_cluster_1,
          sprint2_transparent_cluster_1, sprint2_second_timed_cluster_1,
          sprint2_sniper_area_1, sprint2_heavy_combat_area_1,
          sprint2_mutation_trap_area_1, sprint2_forest_area_1,
          sprint2_light_combat_area_1, sprint2_behind_water_1,
          sprint2_near_end_vault_1]

Skill      XL: |  1  2  3  4  5  6  7 |
---------------+----------------------+-----
Fighting       | 5 6 7 8 9 |  9.6
Long Blades    | 2 3 5 7 8 |  8.7
Armour         | 5 6 7 8 9 |  9.6
Shields        | 5 |  5.5
Dodging        | 2 3 4 |  4.2

Action                     |  1- 3 |  4- 6 |  7- 9 || total
---------------------------+-------+-------+-------++-------
  Melee: Long sword        |     9 |    38 |    39 ||    86
    Use: Potion            |     1 |       |     3 ||     4
 Armour: Scale mail        |     5 |    18 |     7 ||    30
  Dodge: Dodged            |     4 |    19 |    19 ||    42

Table legend: (Time is in decaauts)
 A = Elapsed time spent in this place.
 B = Non-inter-level travel time spent in this place.
 C = Inter-level travel time spent in this place.
 D = Time resting spent in this place.
 E = Time spent auto-exploring this place.
 F = Levels seen in this place.
 G = Mean time per level.
                   A        B        C        D        E       F      G
               +--------+--------+--------+--------+--------+-----+--------+
         Total |    132 |    132 |      0 |      0 |      0 |   1 |  132.0 |
       Dungeon |    132 |    132 |      0 |      0 |      0 |   1 |  132.0 |
               +--------+--------+--------+--------+--------+-----+--------+

Top non-repeatable levels by time:
       D: 132 daAuts
